% Time on Ice - LONG BEACH BARACUDAS
Lines # - Real PCT - Wanted PCT - Time Play
Normal Forward
1 - 36% - 35% - 16:47
2 - 28% - 29% - 12:47
3 - 28% - 28% - 12:55
4 - 8% - 8% - 3:48
Normal Defense
1 - 37% - 36% - 17:07
2 - 33% - 31% - 15:09
3 - 25% - 23% - 11:33
4 - 5% - 10% - 2:28
PP Forward
1 - 59% - 51% - 5:43
2 - 41% - 49% - 4:02
PP Defense
1 - 51% - 55% - 4:59
2 - 49% - 45% - 4:46
PK Forward
1 - 61% - 55% - 1:26
2 - 39% - 45% - 0:56
PK Defense
1 - 49% - 55% - 1:09
2 - 51% - 45% - 1:13
PK3 Forward
1 - 0% - 55%
2 - 0% - 45%
PK3 Defense
1 - 0% - 55%
2 - 0% - 45%
44 Forward
1 - 89% - 55% - 1:25
2 - 11% - 45% - 0:11
44 Defense
1 - 89% - 55% - 1:25
2 - 11% - 45% - 0:11
Last Minute Offensive  - 0:00
Last Minute Defensive  - 0:00
Total
Forward - 60:00
Defense - 60:00
% Time on Ice - SAN FRANCISCO SPIDERS
Lines # - Real PCT - Wanted PCT - Time Play
Normal Forward
1 - 25% - 25% - 11:22
2 - 26% - 25% - 11:51
3 - 25% - 25% - 11:47
4 - 24% - 25% - 11:17
Normal Defense
1 - 24% - 30% - 11:10
2 - 39% - 30% - 18:03
3 - 30% - 30% - 13:40
4 - 7% - 10% - 3:24
PP Forward
1 - 63% - 55% - 1:29
2 - 37% - 45% - 0:53
PP Defense
1 - 37% - 55% - 0:53
2 - 63% - 45% - 1:29
PK Forward
1 - 73% - 55% - 7:06
2 - 27% - 45% - 2:39
PK Defense
1 - 63% - 55% - 6:10
2 - 37% - 45% - 3:35
PK3 Forward
1 - 0% - 55%
2 - 0% - 45%
PK3 Defense
1 - 0% - 55%
2 - 0% - 45%
44 Forward
1 - 99% - 55% - 1:35
2 - 1% - 45% - 0:01
44 Defense
1 - 61% - 55% - 0:59
2 - 39% - 45% - 0:37
Last Minute Offensive  - 0:00
Last Minute Defensive  - 0:00
Total
Forward - 60:00
Defense - 60:00
Play-by-Play 1st period 0:01 of 1st period - Steven Stamkos wins face-off versus Sven Andrighetto in neutral zone. 0:23 of 1st period - Shot by Josh Leivo. 0:23 of 1st period - Stopped by Brian Elliott with a rebound. 0:56 of 1st period - Minor Penalty to Sidney Crosby for High sticking. 0:57 of 1st period - Brad Richardson wins face-off versus Tomas Plekanec in LONG BEACH BARACUDAS zone. 2:14 of 1st period - Shot by Milan Lucic. 2:14 of 1st period - Shot Misses the Net. 3:08 of 1st period - Shot by Erik Haula. 3:08 of 1st period - Stopped by Brian Elliott without a rebound. 3:09 of 1st period - Taylor Leier wins face-off versus Sidney Crosby in LONG BEACH BARACUDAS zone. 3:38 of 1st period - Shot by Milan Lucic. 3:38 of 1st period - Stopped by Brian Elliott without a rebound. 3:39 of 1st period - Nolan Patrick wins face-off versus Matt Hendricks in LONG BEACH BARACUDAS zone. 3:39 of 1st period - Nolan Patrick is hit by Matt Hendricks. 4:13 of 1st period - J.T. Compher is hit by Mark Alt and loses puck. 4:16 of 1st period - Shot by J.T. Compher. 4:16 of 1st period - Stopped by Eddie Lack with a rebound. 4:18 of 1st period - Shot by Kyle Palmieri. 4:18 of 1st period - Goal by Kyle Palmieri - LONG BEACH BARACUDAS : 1 - SAN FRANCISCO SPIDERS : 0. 4:19 of 1st period - Tomas Plekanec wins face-off versus Steven Stamkos in neutral zone. 4:26 of 1st period - Shot by Gabriel Bourque. 4:26 of 1st period - Shot Misses the Net. 4:32 of 1st period - Shot by Elias Lindholm. 4:32 of 1st period - Stopped by Eddie Lack without a rebound. 4:33 of 1st period - Sidney Crosby wins face-off versus Sven Andrighetto in SAN FRANCISCO SPIDERS zone. 4:51 of 1st period - Sidney Crosby is hit by Seth Helgeson and loses puck. 4:54 of 1st period - Shot by Sidney Crosby. 4:54 of 1st period - Shot Misses the Net. 4:56 of 1st period - Shot by Brandon Pirri. 4:56 of 1st period - Stopped by Eddie Lack without a rebound. 4:57 of 1st period - Tomas Plekanec wins face-off versus Nolan Patrick in SAN FRANCISCO SPIDERS zone. 6:14 of 1st period - Shot by Elias Lindholm. 6:14 of 1st period - Stopped by Eddie Lack without a rebound. 6:15 of 1st period - Sidney Crosby wins face-off versus Erik Haula in SAN FRANCISCO SPIDERS zone. 6:29 of 1st period - Brendan Gallagher is hit by Matt Hendricks and loses puck. 6:30 of 1st period - Minor Penalty to Matt Hendricks for Cross-checking. 6:31 of 1st period - Brendan Gallagher wins face-off versus Calle Jarnkrok in SAN FRANCISCO SPIDERS zone. 6:48 of 1st period - Shot by J.T. Compher. 6:48 of 1st period - Shot Blocked by Seth Helgeson. 6:50 of 1st period - Shot by Brendan Gallagher. 6:50 of 1st period - Shot Misses the Net. 6:52 of 1st period - Shot by J.T. Compher. 6:52 of 1st period - Stopped by Eddie Lack without a rebound. 6:53 of 1st period - Sidney Crosby wins face-off versus Erik Haula in SAN FRANCISCO SPIDERS zone. 7:12 of 1st period - Shot by Sidney Crosby. 7:12 of 1st period - Goal by Sidney Crosby - LONG BEACH BARACUDAS : 2 - SAN FRANCISCO SPIDERS : 0. 7:13 of 1st period - Taylor Leier wins face-off versus Steven Stamkos in neutral zone. 8:20 of 1st period - Shot by Brendan Gallagher. 8:20 of 1st period - Stopped by Eddie Lack without a rebound. 8:21 of 1st period - Tomas Plekanec wins face-off versus J.T. Compher in SAN FRANCISCO SPIDERS zone. 8:33 of 1st period - Shot by Andrei Svechnikov. 8:33 of 1st period - Deflect By Gabriel Bourque. 8:33 of 1st period - Shot Misses the Net. 8:35 of 1st period - Shot by Gabriel Bourque. 8:35 of 1st period - Shot Misses the Net. 8:49 of 1st period - Shot by Kyle Palmieri. 8:49 of 1st period - Shot Misses the Net. 9:01 of 1st period - Shot by J.T. Compher. 9:01 of 1st period - Goal by J.T. Compher - LONG BEACH BARACUDAS : 3 - SAN FRANCISCO SPIDERS : 0. 9:02 of 1st period - Sidney Crosby wins face-off versus Erik Haula in neutral zone. 9:08 of 1st period - Brendan Gallagher is hit by Seth Helgeson and loses puck. 9:28 of 1st period - Off-side. 9:29 of 1st period - Steven Stamkos wins face-off versus Sven Andrighetto in neutral zone. 9:49 of 1st period - Steven Stamkos is hit by Tyler Wotherspoon and loses puck. 10:00 of 1st period - Shot by Josh Leivo. 10:00 of 1st period - Shot Misses the Net. 10:42 of 1st period - Off-side. 10:43 of 1st period - Erik Haula wins face-off versus Brad Richardson in neutral zone. 10:45 of 1st period - Off-side. 10:46 of 1st period - Andrei Svechnikov wins face-off versus Brad Richardson in neutral zone. 11:08 of 1st period - Icing by Gabriel Bourque. 11:09 of 1st period - Nolan Patrick wins face-off versus Tomas Plekanec in SAN FRANCISCO SPIDERS zone. 11:18 of 1st period - Shot by Andrei Svechnikov. 11:18 of 1st period - Shot Misses the Net. 12:12 of 1st period - Shot by Brandon Pirri. 12:12 of 1st period - Shot Hit the Post. 12:45 of 1st period - Shot by Brendan Gallagher. 12:45 of 1st period - Shot Misses the Net. 12:47 of 1st period - Shot by Sidney Crosby. 12:47 of 1st period - Goal by Sidney Crosby - LONG BEACH BARACUDAS : 4 - SAN FRANCISCO SPIDERS : 0. 12:48 of 1st period - Steven Stamkos wins face-off versus Sven Andrighetto in neutral zone. 12:57 of 1st period - Shot by Elias Lindholm. 12:57 of 1st period - Stopped by Eddie Lack without a rebound. 12:58 of 1st period - Steven Stamkos wins face-off versus Tomas Plekanec in SAN FRANCISCO SPIDERS zone. 13:30 of 1st period - Icing by Elias Lindholm. 13:31 of 1st period - Steven Stamkos wins face-off versus Sven Andrighetto in LONG BEACH BARACUDAS zone. 13:46 of 1st period - Shot by Elias Lindholm. 13:46 of 1st period - Stopped by Eddie Lack with a rebound. 13:48 of 1st period - Shot by Taylor Hall. 13:48 of 1st period - Stopped by Eddie Lack without a rebound. 13:49 of 1st period - Sidney Crosby wins face-off versus Taylor Leier in SAN FRANCISCO SPIDERS zone. 14:33 of 1st period - Shot by Brendan Gallagher. 14:33 of 1st period - Shot Misses the Net. 15:13 of 1st period - J.T. Compher is hit by Seth Helgeson and loses puck. 15:49 of 1st period - Shot by Taylor Hall. 15:49 of 1st period - Goal by Taylor Hall - LONG BEACH BARACUDAS : 5 - SAN FRANCISCO SPIDERS : 0. 15:50 of 1st period - Tomas Plekanec wins face-off versus Brad Richardson in neutral zone. 15:53 of 1st period - Shot by Andrei Svechnikov. 15:53 of 1st period - Shot Misses the Net. 17:03 of 1st period - Shot by Taylor Hall. 17:03 of 1st period - Deflect By Steven Stamkos. 17:03 of 1st period - Stopped by Eddie Lack with a rebound. 17:11 of 1st period - Shot by Steven Stamkos. 17:11 of 1st period - Shot Misses the Net. 17:13 of 1st period - Shot by Elias Lindholm. 17:13 of 1st period - Shot Misses the Net. 17:45 of 1st period - Shot by Brandon Pirri. 17:45 of 1st period - Shot Blocked by Dominik Simon. 17:47 of 1st period - Shot by Sidney Crosby. 17:47 of 1st period - Stopped by Eddie Lack with a rebound. 18:00 of 1st period - Shot by Sidney Crosby. 18:00 of 1st period - Deflect By Brandon Pirri. 18:00 of 1st period - Shot Misses the Net. 18:02 of 1st period - Shot by Brandon Montour. 18:02 of 1st period - Stopped by Eddie Lack without a rebound. 18:03 of 1st period - Calle Jarnkrok wins face-off versus Kyle Palmieri in SAN FRANCISCO SPIDERS zone. 18:18 of 1st period - Shot by Kyle Palmieri. 18:18 of 1st period - Stopped by Eddie Lack with a rebound. 18:34 of 1st period - Shot by Kyle Palmieri. 18:34 of 1st period - Shot Misses the Net. 18:36 of 1st period - Shot by Jordan Oesterle. 18:36 of 1st period - Shot Misses the Net. 18:38 of 1st period - Shot by Jordan Oesterle. 18:38 of 1st period - Shot Blocked by Sean Walker. 18:40 of 1st period - Shot by J.T. Compher. 18:40 of 1st period - Shot Misses the Net. 18:42 of 1st period - Shot by J.T. Compher. 18:42 of 1st period - Shot Misses the Net. 18:44 of 1st period - Shot by Kyle Palmieri. 18:44 of 1st period - Stopped by Eddie Lack without a rebound. 18:45 of 1st period - Tomas Plekanec wins face-off versus Steven Stamkos in SAN FRANCISCO SPIDERS zone. 18:45 of 1st period - Tomas Plekanec is hit by Steven Stamkos. 18:59 of 1st period - Icing by Gabriel Bourque. 19:00 of 1st period - Sidney Crosby wins face-off versus Gabriel Bourque in SAN FRANCISCO SPIDERS zone. 19:00 of 1st period - Minor Penalty to Mark Alt for Roughing. 19:01 of 1st period - Calle Jarnkrok wins face-off versus Steven Stamkos in SAN FRANCISCO SPIDERS zone. 19:22 of 1st period - Icing by Steven Stamkos. 19:23 of 1st period - Gabriel Bourque wins face-off versus Steven Stamkos in LONG BEACH BARACUDAS zone. 19:23 of 1st period - Minor Penalty to J.T. Compher for Hooking. 19:24 of 1st period - Elias Lindholm wins face-off versus Milan Lucic in LONG BEACH BARACUDAS zone. 19:50 of 1st period - Elias Lindholm is hit by Sean Walker and loses puck. Goals for this period are 5 for LONG BEACH BARACUDAS vs 0 for SAN FRANCISCO SPIDERS. Shots for this period are 19 for LONG BEACH BARACUDAS vs 3 for SAN FRANCISCO SPIDERS. 2nd period 0:01 of 2nd period - Elias Lindholm wins face-off versus Milan Lucic in neutral zone. 0:18 of 2nd period - Shot by Elias Lindholm. 0:18 of 2nd period - Shot Misses the Net. 0:20 of 2nd period - Shot by Elias Lindholm. 0:20 of 2nd period - Deflect By Kyle Palmieri. 0:20 of 2nd period - Shot Misses the Net. 0:54 of 2nd period - Shot by Nolan Patrick. 0:54 of 2nd period - Shot Misses the Net. 0:56 of 2nd period - Shot by Nolan Patrick. 0:56 of 2nd period - Shot Blocked by Sven Andrighetto. 0:58 of 2nd period - Shot by Nolan Patrick. 0:58 of 2nd period - Stopped by Eddie Lack without a rebound. 0:59 of 2nd period - Tomas Plekanec wins face-off versus Nolan Patrick in SAN FRANCISCO SPIDERS zone. 1:28 of 2nd period - Shot by Erik Haula. 1:28 of 2nd period - Stopped by Brian Elliott without a rebound. 1:29 of 2nd period - Sidney Crosby wins face-off versus Erik Haula in LONG BEACH BARACUDAS zone. 1:34 of 2nd period - Shot by Brendan Gallagher. 1:34 of 2nd period - Shot Misses the Net. 2:00 of 2nd period - Shot by Sidney Crosby. 2:00 of 2nd period - Shot Blocked by Sean Walker. 2:02 of 2nd period - Shot by Brandon Pirri. 2:02 of 2nd period - Deflect By Sidney Crosby. 2:02 of 2nd period - Shot Misses the Net. 2:04 of 2nd period - Shot by Brendan Gallagher. 2:04 of 2nd period - Stopped by Eddie Lack without a rebound. 2:05 of 2nd period - Tomas Plekanec wins face-off versus Steven Stamkos in SAN FRANCISCO SPIDERS zone. 2:05 of 2nd period - Tomas Plekanec is hit by Taylor Hall. 2:36 of 2nd period - Shot by Elias Lindholm. 2:36 of 2nd period - Shot Blocked by Andrei Svechnikov. 2:38 of 2nd period - Shot by Taylor Hall. 2:38 of 2nd period - Shot Blocked by Gabriel Bourque. 2:40 of 2nd period - Shot by Justin Schultz. 2:40 of 2nd period - Stopped by Eddie Lack with a rebound. 2:42 of 2nd period - Shot by Elias Lindholm. 2:42 of 2nd period - Stopped by Eddie Lack without a rebound. 2:43 of 2nd period - J.T. Compher wins face-off versus Taylor Leier in SAN FRANCISCO SPIDERS zone. 3:50 of 2nd period - Shot by Sidney Crosby. 3:50 of 2nd period - Stopped by Eddie Lack with a rebound. 3:55 of 2nd period - Icing by Sean Walker. 3:56 of 2nd period - Steven Stamkos wins face-off versus Sven Andrighetto in SAN FRANCISCO SPIDERS zone. 4:05 of 2nd period - Shot by Taylor Hall. 4:05 of 2nd period - Stopped by Eddie Lack without a rebound. 4:06 of 2nd period - Taylor Hall wins face-off versus Tomas Plekanec in SAN FRANCISCO SPIDERS zone. 4:48 of 2nd period - Shot by Taylor Hall. 4:48 of 2nd period - Stopped by Eddie Lack with a rebound. 4:50 of 2nd period - Shot by Taylor Hall. 4:50 of 2nd period - Shot Misses the Net. 4:52 of 2nd period - Shot by Steven Stamkos. 4:52 of 2nd period - Stopped by Eddie Lack without a rebound. 4:53 of 2nd period - Sidney Crosby wins face-off versus Taylor Leier in SAN FRANCISCO SPIDERS zone. 4:58 of 2nd period - Shot by Brendan Gallagher. 4:58 of 2nd period - Shot Misses the Net. 5:06 of 2nd period - Shot by Sidney Crosby. 5:06 of 2nd period - Shot Misses the Net. 5:08 of 2nd period - Shot by Sidney Crosby. 5:08 of 2nd period - Deflect By Brendan Gallagher. 5:08 of 2nd period - Stopped by Eddie Lack with a rebound. 5:44 of 2nd period - Icing by Milan Lucic. 5:45 of 2nd period - Steven Stamkos wins face-off versus Taylor Leier in SAN FRANCISCO SPIDERS zone. 5:45 of 2nd period - Steven Stamkos is hit by Mark Alt. 5:47 of 2nd period - Shot by Elias Lindholm. 5:47 of 2nd perio